 Dungeon Crawl Stone Soup version 0.27-a0-819-g058290f16d (webtiles) character file.

Game seed: 6144906907307696066

35 jasper the Sneak (level 3, 0/29 HPs)
             Began as a Demonspawn Delver on Mar 29, 2021.
             Succumbed to a scorpion's poison
             ... on level 5 of the Dungeon.
             The game lasted 00:01:04 (600 turns).

jasper the Sneak (Demonspawn Delver)                 Turns: 600, Time: 00:01:04

Health: 0/29       AC:  3    Str: 13    XL:     3   Next: 16%
Magic:  3/3        EV: 12    Int: 11    God:
Gold:   20         SH:  0    Dex: 14    Spells: 2/2 levels left

rFire    . . .     SeeInvis .   a - +0 hand axe
rCold    . . .     Faith    .   (no shield)
rNeg     . . .     Spirit   .   b - +0 leather armour
rPois    .         Reflect  .   (no helmet)
rElec    .         Harm     .   (no cloak)
rCorr    .         Rampage  .   (no gloves)
Will     .....                  (no boots)
Stlth    ++........             (no amulet)
HPRegen  0.09/turn              (no ring)
MPRegen  0.08/turn              (no ring)

@: lethally poisoned (0 -> -11)
A: demonic guardian 1
a: no special abilities


You were on level 5 of the Dungeon.
You visited 1 branch of the dungeon, and saw 1 of its levels.

You collected 20 gold pieces.

Inventory:

Hand Weapons
 a - a +0 hand axe (weapon)
Missiles
 h - 6 atropa-tipped darts (quivered)
Armour
 b - a +0 leather armour (worn)
Wands
 g - a wand of digging (3)
Scrolls
 c - a scroll of fog
 d - a scroll of magic mapping
Potions
 f - a potion of haste


   Skills:
 + Level 3.2 Fighting
 * Level 2.5 Axes
 + Level 0.9 Armour
 + Level 2.1 Dodging
 - Level 4.5 Stealth


You had 2 spell levels left.
You didn't know any spells.
Your spell library was empty.

Dungeon Overview and Level Annotations

Branches:
Dungeon (5/15)
 Temple: D:4-7

Altars:


Innate Abilities, Weirdness & Mutations

A weak demonic guardian rushes to your aid.


Message History

The scorpion appears confused.
You feel sick.
You take 1 damage, and have 17/29 hp.
You feel sick.
You are no longer poisoned.
The scorpion seems less confused.
You take 1 damage, and have 16/29 hp.
You see here an atropa-tipped dart.
You hit the scorpion but do no damage. The scorpion barely misses you.
You hit the scorpion.
The scorpion is lightly wounded.
The scorpion is no longer blind.
The scorpion closely misses you.
You hit the scorpion but do no damage.
The scorpion is lightly wounded.
The scorpion stings you.
You take 5 damage, and have 12/29 hp.
You barely miss the scorpion.
The scorpion is lightly wounded.
The scorpion barely misses you. The scorpion stings you.
* * * LOW HITPOINT WARNING * * *
You are lethally poisoned!
The scorpion poisons you!
You take 6 damage, and have 6/29 hp.
MASSIVE DAMAGE!!
As you read the scroll of fear, it crumbles to dust.
You assume a fearsome visage.
The scorpion looks frightened!
* * * LOW HITPOINT WARNING * * *
You feel sick.
You take 2 damage, and have 4/29 hp.
h - 6 atropa-tipped darts (gained 1)
* * * LOW HITPOINT WARNING * * *
You feel sick.
You take 1 damage, and have 3/29 hp.
* * * LOW HITPOINT WARNING * * *
You feel sick.
You take 1 damage, and have 2/29 hp.
* * * LOW HITPOINT WARNING * * *
You feel sick.
You take 1 damage, and have 1/29 hp.
Unknown command.
You die...

#..# ##..## ##.## ##..##
#..# ##..##### #.###
#...#...# ..#.# ##.(#....##
.#.## #### ##..#......##
..## ###..# ##..#........#
### ##....###..#.........# #
##......#..#@.>.......## #
###..........#...........#
###.....s.....###..........#
.............## #..........#
.............## #..........#
..............# ##.........#
..............## #........##
...............# #....[...#
...............# ##..<...##


There were no monsters in sight!

Vanquished Creatures
  A hound skeleton (D:5)
  2 adders (D:5)
3 creatures vanquished.

Vanquished Creatures (collateral kills)
  An ufetubus (D:5)
1 creature vanquished.

Grand Total: 4 creatures vanquished

Notes
Turn   | Place    | Note
-------+----------+-------------------------------------------
     0 | D:5      | jasper the Demonspawn Delver began the quest for the Orb.
     0 | D:5      | Reached XP level 1. HP: 18/18 MP: 1/1
    73 | D:5      | Gained mutation: A weak demonic guardian rushes to your
                  | aid. [demonic ancestry]
    73 | D:5      | Reached XP level 2. HP: 8/24 MP: 2/2
   466 | D:5      | Reached XP level 3. HP: 24/29 MP: 3/3
   572 | D:5      | Noticed a scorpion
   599 | D:5      | HP: 1/29 [poisoned by a scorpion]
   600 | D:5      | Succumbed to a scorpion's poison

Illustrated notes

Levels and vault maps discovered:
D:5:      layout_cave_pods, uniq_grinder

Skill      XL: |  1 |
---------------+----+-----
Axes           | 2 |  2.5
Dodging        | 2 |  2.1
Fighting       | |  3.2
Armour         | |  0.9
Stealth        | |  4.5

Action                   || total
-------------------------++-------
Melee: Hand axe          ||    29
Throw: Dart              ||     6
  Use: Scroll            ||     1
 Stab: Sleeping          ||     1
       Distracted        ||     1
Armor: Leather armour    ||    10
Dodge: Dodged            ||    21

Table legend: (Time is in decaauts)
 A = Elapsed time spent in this place.
 B = Non-inter-level travel time spent in this place.
 C = Inter-level travel time spent in this place.
 D = Time resting spent in this place.
 E = Time spent auto-exploring this place.
 F = Levels seen in this place.
 G = Mean time per level.
                   A        B        C        D        E       F      G
               +--------+--------+--------+--------+--------+-----+--------+
         Total |    606 |    606 |      0 |    338 |    143 |   1 |  606.0 |
       Dungeon |    606 |    606 |      0 |    338 |    143 |   1 |  606.0 |
               +--------+--------+--------+--------+--------+-----+--------+

Top non-repeatable levels by time:
     D:5: 606 daAuts
